[Event "Late-Titled-Tuesday-Blitz-March-26-2024"]
[Site "Chess.com"]
[Date "2024.03.26"]
[Round "1"]
[White "Korchmar_Vasiliy"]
[Black "KorolDimitriy75"]
[Result "1-0"]
[WhiteElo "2693"]
[BlackElo "2383"]
[TimeControl "180+1"]
[EndTime "14:08:11 PDT"]
[Termination "Korchmar_Vasiliy won on time"]

1. e4 c5 2. d4 cxd4 3. Qxd4 Nc6 4. Qd3 g6 5. Nc3 Bg7 6. Nf3 d6 7. Be2 Nf6 8. O-O O-O 9. Nd5 Nd7 10. c3 Nc5 11. Qc2 h6 12. Rd1 a5 13. a4 Kh7 14.
h3 Be6 15. Be3 Bxd5 16. exd5 Ne5 17. Nxe5 Bxe5 18. f4 Bf6 19. f5 g5 20. Bd4 Nd7 21. Bb5 Bxd4+ 22. cxd4 Nf6 23. Qb3 Qb6 24. Bc4 Qxb3 25. Bxb3 Rfc8 26. Rac1 Kg7 27. Rc3 Rxc3 28. bxc3 Rc8 29. c4 Nd7 30. Rd2 Kf6 31. g4 h5 32. Rc2 b6 33. Kg2 hxg4 34. hxg4 Rh8 35. Rc1 Rh4 36. Kg3 Rh8 37. Bc2 Rc8 38. Bd3 Kg7 39.
Rb1 Rc7 40. Re1 Kf6 41. Rh1 Kg7 42. Rh5 f6 43. Rh1 Rc8 44. Re1 Kf7 45. Rh1 Kg7 46. Rb1 Rc7 47. Kf3 Kf7 48. Be2 Kg7 49.
Ke3 Kf7 50. Rc1 Kg7 51. Ke4 Kf7 52. Bd3 Kg7 53. Bf1 Kf7 54. c5 bxc5 55. Bb5 Nb6 56. Bc6 1-0

[Event "Late-Titled-Tuesday-Blitz-March-26-2024"]
[Site "Chess.com"]
[Date "2024.03.26"]
[Round "1"]
[White "Godzillator"]
[Black "Houdinovic"]
[Result "0-1"]
[WhiteElo "2400"]
[BlackElo "2732"]
[TimeControl "180+1"]
[EndTime "14:08:16 PDT"]
[Termination "Houdinovic won on time"]

1. Nf3 Nf6 2. d4 d6 3. g3 b5 4. Bg2 Bb7 5. O-O g6 6. a4 b4 7. c3 Na6 8. Bg5 Bg7 9. e3 O-O 10. Nbd2 h6 11. Bxf6 Bxf6 12. Qc2 c5 13. Rfd1 bxc3 14.
bxc3 cxd4 15. cxd4 Nb4 16. Qb1 Rb8 17. Ne1 Ba6 18. Ne4 Bg7 19. Qc1 Qa5 20. Qd2 Rfc8 21. Bf1 Bxf1 22. Kxf1 Qd5 23. f3 Qc4+ 24. Kg2 f5 25.
Nf2 Qa6 26. Nfd3 Nd5 27. Rdc1 Kh7 28. a5 Rxc1 29. Qxc1 Rc8 30. Qd2 Qb5 31. Rc1 Rxc1 32. Nxc1 e5 33. dxe5 dxe5 34. e4 fxe4 35. fxe4 Nf6 36.
Qd3 Qxa5 37. Nf3 Ng4 38. h3 Nf6 39. Nb3 Qa2+ 40. Nbd2 Qe6 41. g4 a5 42. Qb5 Qa2 43. Qxe5 Nxg4 44. Qc5 Ne5 45. Qd5 Nxf3 46. Kxf3 Qxd5 47.
exd5 Bf8 48. Nc4 a4 49. d6 a3 50. Nxa3 Bxd6 51. Nc4 Be7 52. Ke4 Kg7 53. Ke5 Bf6+ 54. Ke6 Bc3 55. Ne3 h5 0-1

[Event "Late-Titled-Tuesday-Blitz-March-26-2024"]
[Site "Chess.com"]
[Date "2024.03.26"]
[Round "1"]
[White "familijatop71"]
[Black "manitodeplomo"]
[Result "0-1"]
[WhiteElo "2316"]
[BlackElo "2646"]
[TimeControl "180+1"]
[EndTime "14:08:16 PDT"]
[Termination "manitodeplomo won on time"]

1. e4 c5 2. c3 d5 3. exd5 Qxd5 4. Nf3 Nf6 5. Na3 Bd7 6. Be2 g6 7. O-O Bg7 8. d3 O-O 9. Nc4 Nc6 10. Bf4 Rfd8 11.
Qc2 Bf5 12. Ne3 Bxd3 13. Nxd5 Bxc2 14. Nxf6+ Bxf6 15. Bb5 Bd3 16. Bxd3 Rxd3 17. Rad1 Rad8 18. Rxd3 Rxd3 19. Re1 e5 20. Bc1 Bg7 21. h3 f6 22.
Nd2 Kf7 23. Ne4 b6 24. Kf1 Ke6 25. Ke2 Rd5 26. Rd1 h6 27. Rxd5 Kxd5 28. f3 f5 29. Nf2 c4 30. Nd1 b5 31. Ne3+ Ke6 32. g3 h5 33. g4 hxg4 34. hxg4 a6 35. gxf5+ gxf5 36. Ng2 Bf6 37. Bd2 Ne7 38. Be3 Nd5 39. Bc5 Bg5 40. Ne1 Bc1 41. Ba3 Nxc3+ 42. bxc3 Bxa3 43. Nc2 Bc5 44. Kd1 Kf6 45. Ke2 Kg5 46. Ne1 a5 47.
Ng2 b4 48. cxb4 axb4 49. Ne1 Kf4 50. Nc2 Kg3 51. Ne1 Kf4 52. Nc2 Kg5 53. Ne1 Kf6 54. Nc2 Ke6 55. Ne1 Kd5 56. Nc2 Kc6 57. Ne1 Kb5 58. Kd2 Bd4 59. Kc2 Kc5 60. Kd1 Bc3 61. Nc2 Bd4 62. Ke2 b3 63. axb3 cxb3 64. Na3 Kb4 65. Nb1 Bc3 66. Kd3 Be1 67. Ke2 Bg3 0-1

[Event "Late-Titled-Tuesday-Blitz-March-26-2024"]
[Site "Chess.com"]
[Date "2024.03.26"]
[Round "1"]
[White "mbojan"]
[Black "ccccvhhhj"]
[Result "1-0"]
[WhiteElo "2883"]
[BlackElo "2468"]
[TimeControl "180+1"]
[EndTime "14:08:18 PDT"]
[Termination "mbojan won on time"]

1. e4 e6 2. d4 d5 3. Nc3 Bb4 4. e5 c5 5. a3 Bxc3+ 6. bxc3 Ne7 7. Qg4 Kf8 8. a4 Qa5 9. Bd2 Qc7 10. Nf3 b6 11. h4 Ba6 12. Bxa6 Nxa6 13.
h5 h6 14. Rc1 Rc8 15. Rh3 Nb8 16. Nh4 Rg8 17. Rf3 Ke8 18. Qf4 Nec6 19. Rg3 Ne7 20. Rg4 cxd4 21. cxd4 Qc4 22. Qg3 Kd7 23. c3 Nbc6 24. Rxg7 Qxa4 25. Bxh6 Qa3 26. Rd1 a5 27. Bc1 Qb3 28. h6 Rxg7 29. hxg7 Ng8 30. Qf3 a4 31. Qxf7+ Nce7 32. Bd2 a3 33. Ng6 a2 34. Nf8+ Kc7 35.
Qxe6 Qb1 36. Qd7+ Kb8 37. Qa4 Rc7 38. Qb4 Qxb4 39. cxb4 Ra7 40. Ra1 Nc6 41. Bc3 Nge7 42. g4 Ng8 43. Ne6 Re7 44. Nf4 Rxg7 45. f3 Rh7 46. Rxa2 Rh1+ 47. Kf2 Rh2+ 48. Ng2 Nge7 49. Kg3 Rh8 50. b5 Na7 51. Bb4 Ng6 52. Bd6+ Kb7 53. Nf4 Nxb5 54. Nxg6 Re8 55. f4 Nxd4 56. f5 Rc8 57. e6 Rc3+ 58. Kf4 Nc6 59. f6 Rc1 60. f7 Rf1+ 61. Kg5 d4 62. f8=Q 1-0

[Event "Late-Titled-Tuesday-Blitz-March-26-2024"]
[Site "Chess.com"]
[Date "2024.03.26"]
[Round "1"]
[White "Alexander_Donchenko"]
[Black "ural58"]
[Result "1-0"]
[WhiteElo "2884"]
[BlackElo "2469"]
[TimeControl "180+1"]
[EndTime "14:08:21 PDT"]
[Termination "Alexander_Donchenko won by resignation"]

1. e4 d5 2. exd5 Qxd5 3. Nc3 Qa5 4. Bc4 Nf6 5. d3 Bg4 6. Ne2 Nc6 7. h3 Bh5 8. Be3 e5 9. Qd2 O-O-O 10. O-O-O Nd4 11. Kb1 Bb4 12. a3 Bxc3 13. Nxc3 Bxd1 14. Rxd1 Rhf8 15.
f4 Nf5 16. fxe5 Qxe5 17. Bxa7 b6 18. Ba6+ Kd7 19. Bb5+ c6 20. Bxb6 cxb5 21. Re1 Qd6 22. Bxd8 Rxd8 23. Qg5 Nd4 24. Qxg7 Kc6 25. Rf1 Nd7 26.
Rxf7 Ne6 27. Qg4 Kb6 28. Ne4 Qc6 29. Rxh7 Ndc5 30. Nxc5 Nxc5 31. Qg5 Rd6 32. h4 Ne6 33.
Qe3+ Qc5 34. Qe4 Qd5 35. Qxd5 Rxd5 36. Rh6 Re5 37. g4 Kc7 38. g5 Re1+ 39. Ka2 Kd7 40. c3 Re2 41. d4 Nf4 42. Rb6 Nd3 43. Rxb5 Rh2 44. g6 Rxh4 45. Rg5 Rh8 46. g7 Rg8 47. a4 Ke6 48. Kb3 Kf6 49. Rg3 Nf4 50. a5 Nh5 51.
Rg1 Nxg7 52. Ka4 Rb8 53. b4 Ne6 54. Rh1 Ke7 55. Rh6 Nc7 56. a6 Nb5 57. Rc6 Kd7 58. d5 Nc7 59. c4 Ra8 60. b5 Re8 61.
Ka5 Re1 62. Kb6 Na8+ 63. Kb7 Re8 64. a7 Rd8 65. b6 Re8 66. c5 Rc8 67. Rxc8 1-0

[Event "Late-Titled-Tuesday-Blitz-March-26-2024"]
[Site "Chess.com"]
[Date "2024.03.26"]
[Round "1"]
[White "Doublekk14"]
[Black "Kiborg95"]
[Result "0-1"]
[WhiteElo "2421"]
[BlackElo "2782"]
[TimeControl "180+1"]
[EndTime "14:08:21 PDT"]
[Termination "Kiborg95 won on time"]

1. c4 d6 2. Nc3 e5 3. e3 f5 4.
d4 Be7 5. dxe5 dxe5 6. Qxd8+ Bxd8 7. e4 Nf6 8. exf5 Bxf5 9. Nge2 Nc6 10. Ng3 Bg6 11.
Bd2 Nd4 12. O-O-O O-O 13. Re1 c6 14. f3 Bc7 15. Nge4 Rfd8 16. Bg5 Rf8 17. c5 Nd5 18. Bc4 Bf7 19. Bd3 b5 20. Nxd5 cxd5 21. Nd6 Nc6 22. Bxb5 Bxd6 23. cxd6 Nd4 24. Ba4 h6 25. Be7 Rfc8+ 26.
Kd2 Rc4 27. Bb3 Nxb3+ 28. axb3 Rd4+ 29. Ke2 Be6 30. Rd1 Rb4 31. Rd3 Rb5 32. Rc1 Kf7 33. Rc7 Ke8 34. Bh4 Bd7 35. Bg3 d4 36. f4 exf4 37.
Bxf4 Rd5 38. Kf3 g5 39. Bg3 Rd8 40. Rd1 h5 41. Re1+ Kf8 42. Kf2 h4 43. Re7 hxg3+ 44.
Kxg3 Rxd6 45. Rh7 Kg8 46. Rh5 g4 47. Rg5+ Kf8 48. Rcc5 d3 49. Rc1 d2 50. Rf1+ Ke7 51.
Re5+ Be6 52. Re2 d1=Q 53. Rxd1 Rxd1 54. Rxe6+ Kxe6 55. Kxg4 R1d3 0-1

[Event "Late-Titled-Tuesday-Blitz-March-26-2024"]
[Site "Chess.com"]
[Date "2024.03.26"]
[Round "1"]
[White "ATM622"]
[Black "Oleksandr_Bortnyk"]
[Result "0-1"]
[WhiteElo "2523"]
[BlackElo "3047"]
[TimeControl "180+1"]
[EndTime "14:08:22 PDT"]
[Termination "Oleksandr_Bortnyk won by resignation"]

1. d4 Nf6 2. c4 b6 3. Nf3 Bb7 4. g3 g6 5. Bg2 Bg7 6. O-O O-O 7.
Nc3 Ne4 8. Qc2 Nxc3 9. Qxc3 c5 10. e3 Nc6 11. Rd1 Rc8 12. b3 cxd4 13. exd4 d5 14. Ne5 dxc4 15. Nxc6 Bxc6 16. Bxc6 Rxc6 17. bxc4 Qc8 18. Qa3 Rxc4 19. Qxe7 Re8 20. Qh4 Bxd4 21. Rxd4 Rxc1+ 22. Rd1 Rxa1 23. Rxa1 Qc3 24. Rd1 h5 25. Rd8 Rxd8 26. Qxd8+ Kg7 27. Kg2 Qc6+ 28. Kg1 Qc1+ 29. Kg2 Qc4 30. Qd2 b5 31. Qb2+ Kg8 32. Qd2 b4 33.
Qd8+ Kg7 34. Qa5 a6 35. Qe5+ Kg8 36. Qe8+ Kh7 37. Qa4 Kg7 38. Qa5 Qe4+ 39. Kg1 Qe1+ 40. Kg2 Qe4+ 41. Kg1 Qc4 42. Kg2 Kh7 43. Kg1 Qb5 44.
Qc7 Qd5 45. Qc2 a5 46. Qa4 Kg7 47. h4 Qc5 48. Qb3 Qe5 49. Qc2 Qb5 50. Qb3 a4 51. Qb2+ Kg8 52. Qd2 b3 53. axb3 axb3 54. Qd8+ Kg7 55.
Qd4+ Kg8 56. Qd8+ Kh7 57. Qd1 b2 58. Qb1 Qb3 59. Kh2 Qc3 60. Qa2 Kg7 61. Qb1 Qc1 62. Qa2 b1=Q 0-1

[Event "Late-Titled-Tuesday-Blitz-March-26-2024"]
[Site "Chess.com"]
[Date "2024.03.26"]
[Round "1"]
[White "LikeWater"]
[Black "Nick12772"]
[Result "1/2-1/2"]
[WhiteElo "2710"]
[BlackElo "2406"]
[TimeControl "180+1"]
[EndTime "14:08:24 PDT"]
[Termination "Game drawn by repetition"]

1. e4 e6 2. b3 d5 3. Bb2 Nf6 4. e5 Nfd7 5. Qg4 c5 6. Nf3 Nc6 7. Bb5 Qb6 8. c4 d4 9. O-O a6 10. Ba4 g6 11. d3 Bg7 12. Re1 O-O 13. Bxc6 Qxc6 14. Nbd2 b5 15. b4 bxc4 16. Nxc4 Bb7 17. Na5 Qd5 18. Rac1 cxb4 19. Nxb7 Qxb7 20. Bxd4 Rac8 21.
Qf4 Nb6 22. Bxb6 Qxb6 23. h4 h5 24. g4 hxg4 25. Qxg4 Qb7 26. h5 gxh5 27. Qxh5 Rxc1 28. Rxc1 Rc8 29. Rxc8+ Qxc8 30. Ng5 Qc1+ 31. Kg2 Qc6+ 32. Kg3 Qd7 33. d4 a5 34. d5 Bxe5+ 35. f4 Bg7 36. dxe6 fxe6 37. Qg6 a4 38. Nxe6 b3 39. axb3 axb3 40.
f5 b2 41. f6 Qf7 42. Qe4 Qxf6 43. Nf4 Qc3+ 44. Kg4 Qf6 45. Nh5 Qc3 46. Qe8+ Kh7 47. Qe4+ Kg8 48. Nf4 Qd4 49. Qe6+ Kh8 50. Qe8+ Kh7 51.
Kf3 Qc3+ 52. Kg4 b1=Q 53. Qh5+ Kg8 54. Qe8+ Kh7 55. Qh5+ Kg8 56. Qe8+ Bf8 57. Qe6+ Kh7 58. Qf7+ Bg7 59. Qh5+ 1/2-1/2

[Event "Late-Titled-Tuesday-Blitz-March-26-2024"]
[Site "Chess.com"]
[Date "2024.03.26"]
[Round "1"]
[White "Mikhail_Bryakin"]
[Black "PlotnikovPavel"]
[Result "1-0"]
[WhiteElo "2857"]
[BlackElo "2453"]
[TimeControl "180+1"]
[EndTime "14:08:26 PDT"]
[Termination "Mikhail_Bryakin won on time"]

1. e4 e6 2. Qe2 c5 3. Nf3 Nc6 4. c3 g6 5. g3 Bg7 6. Bg2 Nge7 7.
O-O O-O 8. Re1 d5 9. e5 d4 10. c4 d3 11. Qe4 Nb4 12. Na3 Bd7 13. b3 Bc6 14. Qf4 Nf5 15. Bb2 h5 16. h4 Bh6 17.
Ng5 Bxg2 18. Kxg2 a6 19. Rad1 Nxa2 20. Qe4 Bxg5 21. hxg5 Qxg5 22. Qxd3 Rfd8 23. Qe2 h4 24. g4 h3+ 25. Kh1 Nd4 26. Qe4 Nxb3 27. d3 Nb4 28. Re3 Kg7 29. Rg1 Nd4 30. f4 Qh4 31. Reg3 Rh8 32. Bxd4 cxd4 33. Qxd4 Nc6 34. Qe4 Rad8 35.
Nc2 Rd7 36. d4 Rhd8 37. f5 exf5 38. Qf3 Nxd4 39. Nxd4 Rxd4 40. gxf5 Rf4 41. f6+ Kg8 42. Qe3 h2 43. Re1 Rg4 44. Rxg4 Qxg4 45. Kxh2 Qh4+ 46. Kg2 Qg4+ 47. Kf1 Qxc4+ 48. Re2 Rd3 49. Qf2 Rd1+ 50. Kg2 Qg4+ 51. Kh2 Qh5+ 52. Kg3 Qg5+ 53. Kh2 Qh5+ 54. Kg3 Qg5+ 55. Kh2 Rd4 56. Re3 Rh4+ 57. Rh3 Qxe5+ 58. Kg2 Rg4+ 59. Kh1 Rf4 60. Qd2 Qe4+ 61. Kh2 1-0

[Event "Late-Titled-Tuesday-Blitz-March-26-2024"]
[Site "Chess.com"]
[Date "2024.03.26"]
[Round "1"]
[White "leandrojimenez"]
[Black "Blackmind96"]
[Result "0-1"]
[WhiteElo "2398"]
[BlackElo "2736"]
[TimeControl "180+1"]
[EndTime "14:08:27 PDT"]
[Termination "Blackmind96 won by resignation"]

1. d4 Nf6 2. c4 e6 3. g3 Bb4+ 4. Nd2 O-O 5. Bg2 Nc6 6. Nf3 d6 7. O-O Bxd2 8. Bxd2 Qe7 9. Bg5 h6 10. Bxf6 Qxf6 11. e3 e5 12. d5 Nb8 13. Rc1 a5 14. c5 Na6 15. cxd6 cxd6 16. e4 Bg4 17. h3 Bxf3 18.
Bxf3 Nc5 19. Qe2 b5 20. Bg2 Rab8 21. Rfe1 Rfc8 22. h4 Rc7 23. Rc2 b4 24. b3 a4 25.
bxa4 Ra7 26. Rb1 Rxa4 27. Rc4 Rba8 28. Rcxb4 Rxa2 29. R4b2 Rxb2 30. Rxb2 g6 31. h5 Ra1+ 32. Kh2 gxh5 33. Qxh5 Qg6 34. Rb8+ Kg7 35. Qxg6+ fxg6 36. Rb6 Ra6 37. Rb8 h5 38. Rd8 Kf7 39. f4 Kf6 40. Rf8+ Ke7 41. Rg8 Kf7 42. Rd8 exf4 43. gxf4 Nd3 44.
Kg3 h4+ 45. Kg4 h3 46. Bxh3 Nf2+ 47. Kg3 Nxe4+ 48. Kf3 Nf6 49. Be6+ Ke7 50. Rb8 Ra3+ 51. Ke2 Nh5 52. Rb7+ Ke8 53. Rf7 Ra4 54. Kf3 Ra1 55.
f5 gxf5 56. Rxf5 Rf1+ 57. Kg4 Nf6+ 58. Kh3 Rxf5 59. Bxf5 Nxd5 60. Kg3 Ke7 61. Kf3 Kf6 62. Bd3 Ke5 63. Ke2 Nf4+ 64. Ke3 Nxd3 65. Kxd3 Kd5 66. Kc3 Ke4 67. Kc4 d5+ 68. Kc3 Ke3 69. Kc2 d4 70. Kd1 Kd3 71. Ke1 Kc2 72. Ke2 d3+ 73.
Ke3 d2 74. Kf3 d1=Q+ 75. Ke4 Qd3+ 0-1

[Event "Late-Titled-Tuesday-Blitz-March-26-2024"]
[Site "Chess.com"]
[Date "2024.03.26"]
[Round "1"]
[White "BebeBonito2022"]
[Black "BabageldiAnnaberdiyev"]
[Result "0-1"]
[WhiteElo "2302"]
[BlackElo "2628"]
[TimeControl "180+1"]
[EndTime "14:08:27 PDT"]
[Termination "BabageldiAnnaberdiyev won on time"]

1. d4 Nf6 2. c4 g6 3. Nc3 Bg7 4. e4 d6 5. Nf3 O-O 6. h3 e5 7. d5 a5 8. Bg5 h6 9. Be3 Na6 10. Be2 Nd7 11. g4 Ndc5 12. Nd2 Kh7 13. h4 Bd7 14. h5 g5 15. f3 Bf6 16. O-O Be7 17.
b3 f6 18. a3 Kg7 19. Qc2 b6 20. Qb2 Qc8 21. b4 Na4 22. Nxa4 Bxa4 23. Nb1 Bd7 24.
Nc3 Nb8 25. c5 bxc5 26. bxc5 dxc5 27. Rfc1 Na6 28. Qc2 Qe8 29. Nd1 Bd6 30. Bxa6 Rxa6 31. Bxc5 Qe7 32. Ne3 Rb8 33. Bxd6 cxd6 34. Qc7 Re8 35.
Qb7 Raa8 36. Rc7 Rab8 37. Qa6 Ra8 38. Qc4 Qd8 39. Nf5+ Kg8 40. Nxd6 Re7 41. Rc1 Bxg4 42. Rc8 Bxc8 43. Nxc8 Rf7 44. d6 Kg7 45. Qc6 Rb8 46.
Ne7 Rxe7 47. dxe7 Qxe7 48. Qc7 Rb7 49. Qxa5 Qf7 50. Qd5 Ra7 51. Qxf7+ Kxf7 52. Rc3 f5 53. Kf2 f4 54. Rb3 Ra4 55. Kg2 g4 56. fxg4 Kf6 57. Kf3 Kg5 58. Rc3 Kh4 59. Rb3 Rd4 60. Rc3 Rd1 61.
a4 Ra1 62. Rc5 Ra3+ 63. Kf2 Kxg4 64. a5 Ra2+ 0-1

[Event "Late-Titled-Tuesday-Blitz-March-26-2024"]
[Site "Chess.com"]
[Date "2024.03.26"]
[Round "1"]
[White "mightysmasher"]
[Black "teresin05"]
[Result "1-0"]
[WhiteElo "2608"]
[BlackElo "2253"]
[TimeControl "180+1"]
[EndTime "14:08:30 PDT"]
[Termination "mightysmasher won by checkmate"]

1. e4 c5 2. c3 Nf6 3. e5 Nd5 4. d4 cxd4 5. cxd4 d6 6. Nf3 e6 7.
Bc4 dxe5 8. dxe5 Nb6 9. Qxd8+ Kxd8 10. Bb3 Nc6 11. O-O Be7 12. Nc3 a6 13. Rd1+ Kc7 14.
Be3 Bd7 15. Rac1 Rad8 16. Ne4 Bc8 17. Nd6 Rhf8 18. a4 Nd7 19. a5 Kb8 20. Nxc8 Kxc8 21.
Ba4 Nb8 22. Rxd8+ Rxd8 23. Nd4 Kd7 24. Nxc6 Nxc6 25. Bb6 Rc8 26. f4 Bd8 27. Rd1+ Ke8 28.
Rc1 Bxb6+ 29. axb6 Kd7 30. Kf2 f6 31. Ke3 Ke7 32.
g4 Kf7 33. Ke4 Ke7 34. h4 f5+ 35. gxf5 exf5+ 36. Ke3 Ke6 37. Bb3+ Ke7 38. Bd5 Kd7 39. h5 Ne7 40. Rxc8 Kxc8 41. Be6+ Kd8 42. Kd4 Nc6+ 43.
Kc5 Ke7 44. Bxf5 h6 45. Be4 Nd8 46. f5 Kd7 47. Bd5 Ke7 48. b4 Kd7 49. f6 gxf6 50. exf6 Ke8 51. Kd6 Kf8 52. Kd7 Nf7 53. Bxb7 Ne5+ 54.
Ke6 Nc4 55. Bxa6 Nxb6 56. Bd3 Na8 57. b5 Nb6 58. Kd6 Kf7 59. Kc6 Na4 60. Bc2 Nc3 61. b6 Ne2 62. Bb3+ Kxf6 63. Kc5 Nd4 64. Kxd4 Kg5 65. b7 Kxh5 66. b8=Q Kh4 67. Qg8 h5 68. Bd1 Kh3 69. Bxh5 Kh2 70. Bf3 Kh3 71. Qg2+ Kh4 72.
Qg4# 1-0

[Event "Late-Titled-Tuesday-Blitz-March-26-2024"]
[Site "Chess.com"]
[Date "2024.03.26"]
[Round "1"]
[White "CarlosjPineror"]
[Black "emeli_chess"]
[Result "0-1"]
[WhiteElo "2722"]
[BlackElo "2419"]
[TimeControl "180+1"]
[EndTime "14:08:31 PDT"]
[Termination "emeli_chess won by resignation"]

1. e4 e5 2. Nf3 Nc6 3. Bb5 a6 4. Ba4 Nf6 5. d3 b5 6. Bb3 Be7 7. c3 d6 8. h3 O-O 9. Nbd2 Na5 10. Bc2 c5 11. O-O Qc7 12. Re1 Nc6 13. Nf1 h6 14.
Ng3 Re8 15. Bb3 Bf8 16. d4 cxd4 17. cxd4 Nxd4 18. Nxd4 exd4 19. Qxd4 Be6 20. Bxh6 Bxb3 21. axb3 Qc5 22. Qxc5 dxc5 23. Bg5 Nd7 24. Red1 Ne5 25. f3 c4 26. bxc4 bxc4 27. Bd2 Nd3 28. Bc3 Bc5+ 29.
Kf1 f6 30. Ne2 Red8 31. Ra4 Nf2 32. Bd4 Bxd4 33. Rxd4 Rxd4 34. Nxd4 Nd3 35. Rxc4 Nxb2 36. Rc2 Nd3 37. Ke2 Nb4 38. Rb2 a5 39. Nc2 Nc6 40. f4 a4 41. Kd3 Rd8+ 42. Kc3 Rd1 43. Ra2 Rg1 44. Rxa4 Rxg2 45. Ra6 Rxc2+ 46. Kb3 Nd4+ 47. Kb4 Rh2 48. Rd6 Nf3 49. Kc4 Rxh3 50. Kd5 Nh4 51. Ke6 Kh7 52. e5 fxe5 53. fxe5 Re3 54. Rd1 Nf3 55. Rh1+ Kg6 56. Kd6 Nxe5 57. Rg1+ Kf6 58. Rf1+ Nf3 59. Rf2 g5 60. Kc5 g4 61. Rg2 Kf5 62. Kc4 Kf4 63. Rb2 g3 64. Rb8 g2 65.
Rf8+ Kg3 66. Rg8+ Kf2 0-1

[Event "Late-Titled-Tuesday-Blitz-March-26-2024"]
[Site "Chess.com"]
[Date "2024.03.26"]
[Round "1"]
[White "pirulillo"]
[Black "chessablanca"]
[Result "0-1"]
[WhiteElo "2342"]
[BlackElo "2653"]
[TimeControl "180+1"]
[EndTime "14:08:31 PDT"]
[Termination "chessablanca won by checkmate"]

1. e4 e5 2. Bc4 Bc5 3. d3 Nf6 4. Nf3 Nc6 5. c3 d6 6. O-O O-O 7. h3 Bb6 8. Bb3 Ne7 9. Re1 Ng6 10. d4 c6 11. Nbd2 h6 12. Nf1 Re8 13. Ng3 Nf4 14. Bc2 Bc7 15. Be3 g5 16. Nh2 Qe7 17. Ng4 Nxg4 18. hxg4 Qf8 19. Nf5 Be6 20. g3 Ng6 21.
Kg2 d5 22. Rh1 Bxf5 23. exf5 Nh8 24. Rh5 f6 25. c4 dxc4 26. b3 Rad8 27. bxc4 exd4 28.
Bd2 Nf7 29. c5 Ne5 30. Bb3+ Kh7 31. Qh1 Nxg4 32. Qh3 Re4 33. Bc2 Rde8 34. Bxe4 Rxe4 35. Rh1 d3 36. Bxg5 fxg5 37. Rxg5 Ne5 38. Rh5 Nf7 39.
Rh4 Re2 40. Rd4 Qg7 41. Rd7 Bd8 42. Qh5 Be7 43. Rd1 d2 44. R7xd2 Re5 45. Rd3 Qf6 46. Rf3 Ng5 47. Rd7 Nxf3 48. Qxf3 Rxf5 49. Qe3 Re5 50. Qd3+ Qg6 51. Qd6 Qe4+ 52. Kh2 Qf5 53.
Rxe7+ Rxe7 54. Qxe7+ Kg6 55. Qe3 Qg4 56. Qf4 Qe2 57.
Kg2 Qxa2 58. Kh3 Qd5 59. Qg4+ Kf6 60. Qf4+ Qf5+ 61. Qxf5+ Kxf5 62. f4 a5 63. Kh4 a4 64.
Kh5 a3 65. g4+ Kxf4 66. Kxh6 a2 67. g5 a1=Q 68. g6 Qh8# 0-1

[Event "Late-Titled-Tuesday-Blitz-March-26-2024"]
[Site "Chess.com"]
[Date "2024.03.26"]
[Round "1"]
[White "NathanHoover"]
[Black "guillembaches"]
[Result "0-1"]
[WhiteElo "1854"]
[BlackElo "2544"]
[TimeControl "180+1"]
[EndTime "14:08:31 PDT"]
[Termination "guillembaches won by checkmate"]

1. e4 c5 2. b4 b6 3. bxc5 bxc5 4. Bc4 Nc6 5. d3 e6 6. Nf3 Nf6 7. O-O d6 8. c3 Be7 9. Be3 O-O 10. Nbd2 d5 11.
exd5 exd5 12. Bb5 Bd7 13. d4 c4 14. Bf4 Qa5 15. Qa4 Qxa4 16. Bxa4 Nxd4 17. Bxd7 Nxf3+ 18. Nxf3 Nxd7 19. Rfd1 Nf6 20. Bg5 Rfd8 21. Ne5 h6 22.
Nc6 hxg5 23. Nxe7+ Kf8 24. Nf5 Rab8 25. Ne3 Rb2 26.
h3 Ne4 27. Nxc4 Rxf2 28. Ne3 Re2 29. Nxd5 Rb8 30. Re1 Rbb2 31. Rxe2 Rxe2 32. Rc1 Rxa2 33. c4 Nc5 34. Rb1 f6 35. Rb5 Ne4 36. c5 Rc2 37.
Ne3 Rc1+ 38. Kh2 Rxc5 39. Rb8+ Kf7 40. Rb7+ Kg6 41. Rxa7 Rc3 42. Ng4 Rc2 43. Ne3 Re2 44. Ng4 Nd6 45. Rd7 Nf5 46. Kg1 Nh4 47. g3 Rg2+ 48. Kf1 Rxg3 49. Kf2 Rf3+ 50. Ke2 Rxh3 51. Ne3 Rh2+ 52. Kd3 Nf5 53. Nxf5 Kxf5 54. Rxg7 Kg4 55.
Rf7 f5 56. Ke3 f4+ 57. Ke4 Ra2 58. Kd3 Ra4 59. Ke2 Ra2+ 60. Kd3 f3 61. Ke3 Re2+ 62. Kd3 Re8 63. Kd2 Kg3 64. Rf5 g4 65. Rf7 Kg2 66. Kd1 g3 67. Kd2 f2 68. Kd3 f1=Q+ 69. Rxf1 Kxf1 70.
Kd2 g2 71. Kd3 g1=Q 72. Kc4 Qg7 73. Kd5 Qd7+ 74. Kc5 Rc8+ 75. Kb6 Rc6+ 76. Kb5 Qb7+ 77. Ka5 Ra6# 0-1

[Event "Late-Titled-Tuesday-Blitz-March-26-2024"]
[Site "Chess.com"]
[Date "2024.03.26"]
[Round "1"]
[White "misterlamine"]
[Black "baki83"]
[Result "1/2-1/2"]
[WhiteElo "2490"]
[BlackElo "2895"]
[TimeControl "180+1"]
[EndTime "14:08:32 PDT"]
[Termination "Game drawn by repetition"]

1. d4 d5 2. Nf3 Nf6 3. e3 e6 4. Nbd2 Be7 5. c4 b6 6. Be2 Bb7 7. O-O O-O 8. b3 Nbd7 9. Bb2 Ne4 10. Rc1 Ndf6 11. a3 a6 12. b4 h6 13. c5 bxc5 14. dxc5 c6 15. Nd4 Qc7 16. Nxe4 Nxe4 17. Bd3 Nf6 18.
Qe2 Rfe8 19. Nf3 a5 20. Be5 Qd7 21. b5 cxb5 22. Bxb5 Bc6 23. a4 Rec8 24. Nd4 Bxb5 25. axb5 Rxc5 26. Nc6 Rxc1 27. Rxc1 a4 28. h3 a3 29. Ra1 Ne4 30. Qc2 Bf8 31. f3 Nd6 32. Bxd6 Bxd6 33. e4 Qb7 34. exd5 Qxb5 35. dxe6 fxe6 36. Kh1 Qb2 37. Qd1 Kh8 38. Rb1 Qa2 39.
Rb7 Bf8 40. Ne5 Qd5 41. Nf7+ Kg8 42. Qb1 Qf5 43. Qa2 Qf6 44. f4 Qf5 45. Rd7 Qxf7 46. Rxf7 Kxf7 47. f5 Ra6 48. fxe6+ Rxe6 49. g4 Bd6 50. Kg2 Ke7 51. Kf3 Re5 52. Qb3 Rc5 53. Qb7+ Rc7 54. Qe4+ Kf8 55. Qa8+ Ke7 56. Qe4+ Kd7 57.
Qa4+ Kd8 58. Qa8+ Ke7 59. Qe4+ 1/2-1/2

[Event "Late-Titled-Tuesday-Blitz-March-26-2024"]
[Site "Chess.com"]
[Date "2024.03.26"]
[Round "1"]
[White "SereneSalmon"]
[Black "Defend1r"]
[Result "1-0"]
[WhiteElo "2372"]
[BlackElo "2643"]
[TimeControl "180+1"]
[EndTime "14:08:33 PDT"]
[Termination "SereneSalmon won by checkmate"]

1. c4 Nf6 2. Nf3 e6 3. g3 d5 4. Bg2 dxc4 5. Qa4+ Nbd7 6. O-O a6 7. Qxc4 b5 8. Qc2 Bb7 9. a4 c5 10. axb5 axb5 11. Rxa8 Qxa8 12. Nc3 Bc6 13. d3 Bd6 14. e4 O-O 15. Be3 c4 16. Nd4 cxd3 17.
Qxd3 Nc5 18. Qc2 b4 19. Nxc6 Qxc6 20. e5 Qc8 21. Nb5 Bxe5 22. Bxc5 Re8 23. Qc4 Nd7 24. Rc1 Bxb2 25. Rc2 Qxc5 26. Qxc5 Nxc5 27. Rxb2 b3 28. Bf1 Rb8 29. Bc4 Kf8 30. Kf1 Ke7 31. Ke2 e5 32. Kd2 f5 33. f3 Kd7 34. Na3 Ra8 35. Nb1 Rb8 36. Ke2 Rb4 37. Nd2 Kc6 38.
Bxb3 Kd6 39. Rb1 e4 40. fxe4 fxe4 41. Bc2 Rd4 42. Rb6+ Ke5 43. Rb5 Kd6 44. Rxc5 Kxc5 45. Nb3+ Kc4 46. Nxd4 Kxd4 47. Ba4 g6 48. Bc6 h6 49. h3 h5 50. h4 Ke5 51. Ke3 Kf5 52. Bxe4+ Kf6 53. Kf4 Kf7 54. Kg5 Kg7 55. Bxg6 Kg8 56.
Bxh5 Kh8 57. Be2 Kg7 58. h5 Kh7 59. Bd3+ Kg7 60. h6+ Kg8 61. Kg6 Kh8 62. g4 Kg8 63.
h7+ Kh8 64. Kh5 Kg7 65. g5 Kh8 66. g6 Kg7 67. h8=Q+ Kxh8 68. Kh6 Kg8 69. g7 Kf7 70. Bc4+ Ke7 71. g8=Q Kd6 72. Qd5+ Kc7 73. Qc5+ Kd7 74. Kg6 Ke8 75. Bb5+ Kd8 76. Qd6+ Kc8 77. Ba6# 1-0

[Event "Late-Titled-Tuesday-Blitz-March-26-2024"]
[Site "Chess.com"]
[Date "2024.03.26"]
[Round "1"]
[White "Janh4"]
[Black "bazar-wokzal"]
[Result "0-1"]
[WhiteElo "2169"]
[BlackElo "2581"]
[TimeControl "180+1"]
[EndTime "14:08:33 PDT"]
[Termination "bazar-wokzal won on time"]

1. d4 Nf6 2. Nc3 d5 3. Bf4 e6 4. Nb5 Na6 5. e3 c6 6. Nc3 Bb4 7. Bd3 O-O 8. Ne2 c5 9. dxc5 Nxc5 10. O-O Qe7 11. a3 Ba5 12. Bg5 h6 13. Bh4 Bc7 14.
b4 Nxd3 15. cxd3 Bd7 16. Bg3 Bb6 17. Rc1 Rfc8 18. Qb3 Nh5 19. Na4 Nxg3 20. hxg3 Bd8 21. Nc5 Bc6 22. b5 Be8 23. d4 Rab8 24. a4 Bb6 25.
Nd3 f6 26. Rc3 Rxc3 27. Qxc3 Bd7 28. Rc1 Rc8 29. Qb2 Rxc1+ 30. Nexc1 Qd6 31. Nb3 h5 32. Nbc5 Bc8 33. Qc3 e5 34. a5 Bc7 35. Nb3 h4 36.
gxh4 exd4 37. Nxd4 Qh2+ 38. Kf1 Qh1+ 39. Ke2 Bg4+ 40. Nf3 Qxg2 41. Ne1 Bxf3+ 42. Nxf3 Be5 43. Qc8+ Kh7 44. Qf5+ Kh6 45. Nxe5 fxe5 46. Qxe5 Qg4+ 47. Kf1 Qd1+ 48. Kg2 Qg4+ 49. Kf1 Qxh4 50. Qxd5 Qh3+ 51. Ke2 Qg4+ 52. Qf3 Qd7 53. Qf4+ Kh7 54. Qd4 Qxb5+ 55. Qd3+ Qxd3+ 56. Kxd3 Kg6 57. f4 Kf5 58. Kd4 b6 59. axb6 axb6 60. Kd5 b5 61. e4+ Kxf4 62. e5 b4 63. e6 b3 64. e7 b2 65. e8=Q b1=Q 66. Qf7+ Qf5+ 67. Qxf5+ Kxf5 68. Kd4 Kf4 69. Kd3 Kf3 0-1